 Dungeon Crawl Stone Soup version 0.30-a0-321-gf7783e6616 (webtiles) character file.

Game seed: 6781392950530460099

114 Babtu the Grasshopper (level 4, 0/38 HPs)
             Began as a Gnoll Warper on Oct 27, 2022.
             Slain by a crimson imp (2 damage)
             ... summoned by Natasha
             ... on level 2 of the Dungeon.
             The game lasted 00:11:59 (2421 turns).

Babtu the Grasshopper (Gnoll Warper)                Turns: 2421, Time: 00:11:59

Health: 0/38       AC:  3    Str: 16    XL:     4   Next: 97%
Magic:  9/11       EV: 13    Int: 15    God:
Gold:   117        SH:  0    Dex: 11    Spells: 8/13 levels left

rFire   . . .      SeeInvis +    a - +0 falchion
rCold   . . .      Faith    .    (no shield)
rNeg    . . .      Spirit   .    b - +0 leather armour
rPois   .          Reflect  .    (no helmet)
rElec   .          Harm     .    (no cloak)
rCorr   .          Rampage  .    (no gloves)
Will    .....                    (no boots)
Stlth   +.........               (no amulet)
HPRegen 0.26/turn                g - +6 ring of strength
MPRegen 0.12/turn                f - ring of see invisible

@: slowed, very slow
A: fangs 1, strong nose, distributed training
a: no special abilities


You were on level 2 of the Dungeon.
You visited 1 branch of the dungeon, and saw 4 of its levels.

You collected 117 gold pieces.

Inventory:

Hand Weapons
 a - a +0 falchion (weapon)
Armour
 b - a +0 leather armour (worn)
Jewellery
 f - a ring of see invisible (right hand)
 g - a +6 ring of strength (left hand)
 q - a ring of ice
Scrolls
 k - a scroll of magic mapping {unknown}
 n - a scroll of immolation {unknown}
Potions
 e - 2 potions of resistance {unknown}
 h - 2 potions of ambrosia {unknown}
 i - a potion of magic {unknown}
 l - a potion of haste {unknown}
 m - a potion of attraction {unknown}
 p - a potion of heal wounds {unknown}


   Skills:
 + Level 4.7 Fighting
 + Level 1.3 Short Blades
 + Level 4.7 Long Blades
 + Level 1.3 Axes
 + Level 1.3 Maces & Flails
 + Level 1.3 Polearms
 + Level 1.3 Staves
 + Level 1.3 Ranged Weapons
 + Level 2.9 Throwing
 + Level 2.9 Armour
 + Level 4.7 Dodging
 + Level 1.3 Stealth
 + Level 1.3 Shields
 + Level 1.3 Unarmed Combat
 + Level 5.1 Spellcasting
 + Level 1.1 Conjurations
 + Level 1.1 Hexes
 + Level 1.1 Summonings
 + Level 1.1 Necromancy
 + Level 5.5 Translocations
 + Level 1.1 Transmutations
 + Level 1.1 Fire Magic
 + Level 1.1 Ice Magic
 + Level 1.1 Air Magic
 + Level 1.1 Earth Magic
 + Level 1.1 Poison Magic
 + Level 1.5 Invocations
 + Level 1.3 Evocations


You had 8 spell levels left.
You knew the following spells:

 Your Spells              Type           Power      Damage    Failure   Level
a - Blink                 Tloc           40%        N/A       3%          2
c - Vhi's Electric Charg  Tloc/Air       26%        N/A       14%         3

Your spell library contained the following spells:

 Spells                   Type           Power      Damage    Failure   Level
 Lesser Beckoning         Tloc           40%        N/A       6%          3
 Teleport Other           Tloc           20%        N/A       6%          3
 Manifold Assault         Tloc           20%        N/A       21%         4


Dungeon Overview and Level Annotations

Branches:
Dungeon (4/15)
 Temple: D:4-7

Altars:
Nemelex Xobeh

Annotations:
D:2 Natasha


Innate Abilities, Weirdness & Mutations

You have very sharp teeth.
Your uncanny sense of smell can sniff out nearby items.
Your experience applies equally to all skills.


Message History

You are too injured to fight recklessly!
You are too injured to fight recklessly!
You are too injured to fight recklessly!
You are too injured to fight recklessly!
You are too injured to fight recklessly!
You are too injured to fight recklessly!
You are too injured to fight recklessly!
You are too injured to fight recklessly!
Casting: Blink (safe; 3% risk of failure)
Confirm with . or Enter, or press ? or * to list all spells.
You don't know that spell.
You hit Natasha but do no damage. You bite Natasha.
Natasha is almost dead.
Natasha stares at you and mumbles some strange words.
The magic dart hits you.
* * * LOW HITPOINT WARNING * * *
Natasha attacks as you move away! Natasha completely misses you.
Natasha stares at you and mumbles some strange words.
You feel yourself slow down.
Natasha casts a spell.
Natasha casts a spell.
Natasha casts a spell.
The shadow imp hits you.
* * * LOW HITPOINT WARNING * * *
The crimson imp attacks as you move away!
The crimson imp barely misses you.
The shadow imp attacks as you move away!
The shadow imp hits you.
* * * LOW HITPOINT WARNING * * *
Unknown command.
Casting: Blink (safe; 3% risk of failure)
Confirm with . or Enter, or press ? or * to list all spells.
You blink.
The crimson imp blinks!
The crimson imp closely misses you.
The shadow imp shouts, "Away with thee, thou unctious saucy buzzard-bait!"
The crimson imp hits you.
* * * LOW HITPOINT WARNING * * *
Natasha attacks as you move away! Natasha closely misses you.
You feel stable enough to blink again. The crimson imp hits you.
You die...

#......#
##........
#......#
#####.##.
#......#
#.##.
#......#
#.###
#......#
#.# #
#.55...#
#.#
#......#
###.###
#.5h...#
#......
#.@....#
#......
#......#
#......
##.#####
#......
#+#
###'###
#.# #.#
#.###
#....
#....


You could see Natasha, 2 crimson imps and a shadow imp (summoned).

Vanquished Creatures
  A phantom (D:4)
  A dart slug (D:4)
  3 endoplasms
  3 giant cockroaches
  5 goblins
  4 hobgoblins
  6 kobolds
  3 quokkas
  5 ball pythons (D:1)
  6 bats
  3 frilled lizards
  A rat (D:1)
41 creatures vanquished.

Notes
Turn   | Place    | Note
-------+----------+-------------------------------------------
     0 | D:1      | Babtu the Gnoll Warper began the quest for the Orb.
     0 | D:1      | Reached XP level 1. HP: 20/20 MP: 6/6
   192 | D:1      | Reached XP level 2. HP: 26/26 MP: 7/7
   637 | D:1      | Reached skill level 5 in Spellcasting
   637 | D:1      | Reached XP level 3. HP: 31/31 MP: 7/9
   753 | D:1      | Learned a level 2 spell: Blink
   757 | D:1      | Learned a level 3 spell: Teleport Other
   761 | D:1      | Learned a level 3 spell: Vhi's Electric Charge
   950 | D:2      | Reached skill level 1 in Invocations
  1035 | D:2      | You fall into a shaft and drop 2 floors!
  1138 | D:4      | Found a sparkling altar of Nemelex Xobeh.
  1148 | D:4      | Noticed a phantom
  1172 | D:4      | Killed a phantom
  1173 | D:4      | Reached skill level 1 in Short Blades
  1173 | D:4      | Reached skill level 1 in Axes
  1173 | D:4      | Reached skill level 1 in Maces & Flails
  1173 | D:4      | Reached skill level 1 in Polearms
  1173 | D:4      | Reached skill level 1 in Staves
  1173 | D:4      | Reached skill level 1 in Ranged Weapons
  1173 | D:4      | Reached skill level 1 in Stealth
  1173 | D:4      | Reached skill level 1 in Shields
  1173 | D:4      | Reached skill level 1 in Unarmed Combat
  1173 | D:4      | Reached skill level 1 in Conjurations
  1173 | D:4      | Reached skill level 1 in Hexes
  1173 | D:4      | Reached skill level 1 in Summonings
  1173 | D:4      | Reached skill level 1 in Necromancy
  1173 | D:4      | Reached skill level 1 in Transmutations
  1173 | D:4      | Reached skill level 1 in Fire Magic
  1173 | D:4      | Reached skill level 1 in Ice Magic
  1173 | D:4      | Reached skill level 1 in Air Magic
  1173 | D:4      | Reached skill level 1 in Earth Magic
  1173 | D:4      | Reached skill level 1 in Poison Magic
  1173 | D:4      | Reached skill level 1 in Evocations
  1173 | D:4      | Reached XP level 4. HP: 10/38 MP: 9/11
  1499 | D:4      | Noticed a sky beast
  1499 | D:4      | Noticed a yak
  1499 | D:4      | Noticed an ice beast
  1570 | D:4      | Noticed a phantom
  2404 | D:2      | Noticed Natasha
  2421 | D:2      | Slain by a crimson imp

Illustrated notes

Levels and vault maps discovered:
D:1:      lemuel_arrival_hallway, layout_basic, chequers_arboretum
D:2:      layout_basic, minmay_misc_feat_diagonals, uniq_natasha,
          uniq_crazy_yiuf_cottage
D:3:      corexii_shack_village, layout_loops_ring
D:4:      layout_loops_corners, minitemple, zin_statuary, lightli_corner_chamber

Skill      XL: |  1  2  3 |
---------------+----------+-----
Spellcasting   | 5 |  5.1
Invocations    | 1 |  1.5
Short Blades   | 1 |  1.3
Axes           | 1 |  1.3
Maces & Flails | 1 |  1.3
Polearms       | 1 |  1.3
Staves         | 1 |  1.3
Ranged Weapons | 1 |  1.3
Stealth        | 1 |  1.3
Shields        | 1 |  1.3
Unarmed Combat | 1 |  1.3
Conjurations   | 1 |  1.1
Hexes          | 1 |  1.1
Summonings     | 1 |  1.1
Necromancy     | 1 |  1.1
Transmutations | 1 |  1.1
Fire Magic     | 1 |  1.1
Ice Magic      | 1 |  1.1
Air Magic      | 1 |  1.1
Earth Magic    | 1 |  1.1
Poison Magic   | 1 |  1.1
Evocations     | 1 |  1.3
Fighting       | |  4.7
Long Blades    | |  4.7
Throwing       | |  2.9
Armour         | |  2.9
Dodging        | |  4.7
Translocations | |  5.5

Action                   |  1- 3 |  4- 6 || total
-------------------------+-------+-------++-------
Melee: Falchion          |    78 |    45 ||   123
       Bite              |     4 |     4 ||     8
       Punch             |       |     1 ||     1
Throw: Boomerang         |       |     7 ||     7
       Dart              |       |     6 ||     6
 Cast: Blink             |     2 |     6 ||     8
       Vhi's Electric Ch |     1 |       ||     1
       Teleport Other    |       |     2 ||     2
  Use: Scroll            |       |     2 ||     2
Armor: Leather armour    |    14 |    16 ||    30
Dodge: Dodged            |    44 |    82 ||   126

Table legend: (Time is in decaauts)
 A = Elapsed time spent in this place.
 B = Non-inter-level travel time spent in this place.
 C = Inter-level travel time spent in this place.
 D = Time resting spent in this place.
 E = Time spent auto-exploring this place.
 F = Levels seen in this place.
 G = Mean time per level.
                   A        B        C        D        E       F      G
               +--------+--------+--------+--------+--------+-----+--------+
         Total |   2435 |   2402 |     33 |    505 |   1197 |   4 |  608.8 |
       Dungeon |   2435 |   2402 |     33 |    505 |   1197 |   4 |  608.8 |
               +--------+--------+--------+--------+--------+-----+--------+

Top non-repeatable levels by time:
     D:2: 902 daAuts
     D:1: 832 daAuts
     D:4: 652 daAuts
     D:3: 48 daAuts
